 Dungeon Crawl Stone Soup version 0.28.0-53-g5a82cb258f (webtiles) character file.

Game seed: 1146169776289146179

284 Atelerd the Sneak (level 6, -2/36 HPs)
             Began as an Octopode Earth Elementalist on July 17, 2022.
             Slain by a gnoll
             ... wielding a +0 whip
              (8 damage)
             ... on level 2 of the Dungeon.
             The game lasted 00:02:05 (3285 turns).

Atelerd the Sneak (Octopode Earth Elementalist)     Turns: 3285, Time: 00:02:06

Health: -2/36      AC:  1    Str:  8    XL:     6   Next: 29%
Magic:  9/11       EV: 13    Int: 19    God:
Gold:   28         SH:  0    Dex: 12    Spells: 10/11 levels left

rFire   . . .      SeeInvis .   d - +0 dagger
rCold   . . .      Faith    .   (no shield)
rNeg    . . .      Spirit   .   (helmet restricted)
rPois   .          Reflect  .   (no amulet)
rElec   .          Harm     .   (no ring)
rCorr   .          Rampage  .   (no ring)
Will    .....                   (no ring)
Stlth   ++........              (no ring)
HPRegen 0.12/turn               (no ring)
MPRegen 0.12/turn               (no ring)
                                (no ring)
                                (no ring)

@: lit by a corona, glowing
A: almost no armour, amphibious, 8 rings, camouflage 1, gelatinous body 1,
(nimble swimmer 1), tentacles
a: no special abilities


You were on level 2 of the Dungeon.
You visited 1 branch of the dungeon, and saw 3 of its levels.

You collected 80 gold pieces.
You spent 52 gold pieces at shops.

Inventory:

Hand Weapons
 d - a +0 dagger (weapon)
Missiles
 b - 37 stones
Scrolls
 f - a scroll of vulnerability {unknown}
 g - a scroll of magic mapping {unknown}
 h - 2 scrolls of summoning {unknown}
 i - a scroll of blinking {unknown}
 j - a scroll of identify
 k - a scroll of fog
Potions
 a - 2 potions of mutation {unknown}
 c - a potion of heal wounds
 e - a potion of ambrosia {unknown}


   Skills:
 - Level 2.0 Dodging
 + Level 5.2 Stealth
 + Level 3.3 Spellcasting
 + Level 3.0 Transmutations
 + Level 4.2 Earth Magic


You had 10 spell levels left.
You knew the following spells:

 Your Spells              Type           Power      Damage    Failure   Level
a - Sandblast             Erth           38%        2d10      2%          1

Your spell library contained the following spells:

 Spells                   Type           Power      Damage    Failure   Level
 Passwall                 Tmut/Erth      14%        N/A       4%          2
 Magic Dart               Conj           12%        1d3       14%         1
 Stone Arrow              Conj/Erth      22%        3d8       19%         3
 Searing Ray              Conj           6%         2d4       22%         2
 Petrify                  Tmut/Erth      17%        N/A       32%         4
 Fulminant Prism          Conj/Hex       1%         3d6       82%         4


Dungeon Overview and Level Annotations

Branches:
Dungeon (3/15)

Altars:

Shops:
D:3 ?


Innate Abilities, Weirdness & Mutations

You cannot wear most types of armour.
You are amphibious.
You can wear up to eight rings at the same time.
Your skin changes colour to match your surroundings (Stealth+).
Your rubbery body absorbs attacks. (AC +1, EV +1)
((You are camouflaged when in or above water. (Stealth+)))
You have tentacles for arms and can constrict up to eight enemies at once.


Message History

You hear a shout!
An orc comes into view. It is wielding a +0 hand axe.
There are monsters nearby!
The gnoll barely misses you.
The blast of sand hits the gnoll shaman.
The gnoll shaman is lightly wounded.
The gnoll shaman hits you with a +0 club!
The gnoll hits you from afar with a +0 halberd!
An orc comes into view. It is wielding a +0 short sword.
There are monsters nearby!
The blast of sand hits the gnoll shaman.
The gnoll shaman is moderately wounded.
The orc shouts!
You hear a shout!
The gnoll shaman misses you. The gnoll barely misses you.
There are monsters nearby!
The gnoll hits you from afar with a +0 spear.
The gnoll shaman calls upon its god to speed up something.
The gnoll closely misses you. The gnoll closely misses you.
There is a stone staircase leading up here.
The gnoll shaman mumbles some strange prayers to its god against you.
You are outlined in light.
The gnoll hits you with a +0 whip.
You climb upwards.
There is a stone staircase leading down here.
Casting: Sandblast (safe; 2% risk of failure)
Confirm with . or Enter, or press ? or * to list all spells.
Aiming: Sandblast (safe; 2% risk of failure)
Press: ? - help, Shift-Dir - straight line, f - gnoll
Aim: a gnoll, wielding a +0 whip (fast, 82% to hit)
The blast of sand misses the gnoll.
The gnoll hits you with a +0 whip. x2
* * * LOW HITPOINT WARNING * * *
Casting: Sandblast (safe; 2% risk of failure)
Confirm with . or Enter, or press ? or * to list all spells.
Aiming: Sandblast (safe; 2% risk of failure)
Press: ? - help, Shift-Dir - straight line, f/p - gnoll
Aim: a gnoll, wielding a +0 whip (fast, 82% to hit)
The blast of sand hits the gnoll!
The gnoll is heavily wounded.
The gnoll hits you with a +0 whip!
You die...

#.# #.# #.# #.# #.# #.# #.#
#.# #.# ################.#
#.# #................# #.#
#.##############.#
#####.#####.#################
...............g@...........#
#####.#.###.###############.#
#####.#.# #.# #.......#
......#.# #.#########.#######
#######.# #.............# #.#
############### #.# #.# # #.#


You could see a gnoll (fast).

Vanquished Creatures
  A black bear (D:2)
  Jessica (D:2)
  An orc wizard (D:3)
  Natasha (thrice) (D:2)
  3 dart slugs
  5 orcs (D:3)
  2 ball pythons
  9 bats
  4 endoplasms
  3 giant cockroaches
  5 hobgoblins
  10 jackals (D:2)
  A quokka (D:1)
  A frilled lizard (D:2)
  5 goblins
  4 kobolds
  4 rats
62 creatures vanquished.

Notes
Turn   | Place    | Note
-------+----------+-------------------------------------------
     0 | D:1      | Atelerd the Octopode Earth Elementalist began the quest for
                  | the Orb.
     0 | D:1      | Reached XP level 1. HP: 11/11 MP: 3/3
   129 | D:1      | Found a faded altar of an unknown god.
   164 | D:1      | Reached skill level 3 in Stealth
   164 | D:1      | Reached XP level 2. HP: 17/17 MP: 3/5
  1037 | D:2      | Noticed Natasha
  1040 | D:2      | Noticed a crimson imp
  1041 | D:2      | Reached XP level 3. HP: 20/21 MP: 6/6
  1064 | D:2      | Killed Natasha
  1155 | D:2      | Noticed Natasha
  1161 | D:2      | Killed Natasha
  1162 | D:2      | Reached XP level 4. HP: 11/27 MP: 2/8
  1316 | D:2      | Reached skill level 4 in Stealth
  1414 | D:2      | Noticed Natasha
  1422 | D:2      | Killed Natasha
  1729 | D:2      | Noticed Jessica
  1740 | D:2      | Killed Jessica
  1741 | D:2      | Reached XP level 5. HP: 24/31 MP: 3/9
  2148 | D:2      | Noticed a black bear
  2153 | D:2      | Killed a black bear
  2154 | D:2      | Reached XP level 6. HP: 9/36 MP: 8/10
  2793 | D:3      | Reached skill level 5 in Stealth
  3138 | D:3      | Found Quomoj's Magic Scroll Shoppe.
  3146 | D:3      | Bought a scroll of identify for 26 gold pieces
  3146 | D:3      | Bought a scroll of fog for 26 gold pieces
  3285 | D:2      | Slain by a gnoll

Illustrated notes

Levels and vault maps discovered:
D:1:      psy_arrival_spokes, layout_basic, basic_ecumenical_altar
D:2:      layout_basic, st_stairs_10, uniq_natasha, uniq_jessica
D:3:      layout_loops_cross, serial_shops, shop, minmay_crystal_water

Skill      XL: |  1  2  3  4  5  6 |
---------------+-------------------+-----
Stealth        | 3 4 5 |  5.2
Transmutations | 2 3 |  3.0
Spellcasting   | 3 |  3.3
Earth Magic    | 4 |  4.2
Dodging        | |  2.0

Action                   |  1- 3 |  4- 6 || total
-------------------------+-------+-------++-------
Melee: Constrict         |     7 |    10 ||    17
       Unarmed           |     5 |       ||     5
       Dagger            |    14 |    35 ||    49
       Tentacles         |     7 |    13 ||    20
 Cast: Sandblast         |    27 |    42 ||    69
 Stab: Distracted        |       |     1 ||     1
       Sleeping          |       |     2 ||     2
Armor: Skin              |     3 |     3 ||     6
Dodge: Dodged            |    27 |    43 ||    70
